 Dungeon Crawl Stone Soup version 0.20-a0-443-g0464b71 (webtiles) character file.

84 terra53 the Insei (level 4, -6/32 HPs)
             Began as a Demonspawn Transmuter on Jan 6, 2017.
             Mangled by Grinder (7 damage)
             ... while paralysed by Grinder
             ... on level 3 of the Dungeon.
             The game lasted 00:07:55 (2538 turns).

terra53 the Insei (Demonspawn Transmuter)           Turns: 2538, Time: 00:07:56

Health: -6/32      AC:  6    Str: 10    XL:     4   Next: 23%
Magic:  13/16      EV:  2    Int: 16    God:
Gold:   120        SH:  0    Dex: 18    Spells: 3/7 levels left

rFire  . . .     SeeInvis .       - Unarmed
rCold  . . .     Gourm    .     b - +0 robe
rNeg   . . .     Faith    .     (no shield)
rPois  .         Spirit   .     k - +2 hat
rElec  .         Reflect  .     (no cloak)
rCorr  .         Harm     .     (no gloves)
MR     .....                    (boots currently unavailable)
Stlth  ++++......               (no amulet)
                                n - ring of stealth
                                f - ring of magical power

@: paralysed, agile, appendage
A: antennae 1, talons 3, molten scales 1, powered by pain 1
a: End Transformation


You were on level 3 of the Dungeon.
You were hungry.
You had grown temporary talons.
You visited 1 branch of the dungeon, and saw 3 of its levels.

You collected 120 gold pieces.

Inventory:

Missiles
 a - 12 arrows
 s - 8 needles of paralysis
Armour
 b - a +0 robe (worn)
 k - a +2 hat (worn)
Jewellery
 f - a ring of magical power (left hand)
 n - a ring of stealth (right hand)
Scrolls
 h - a scroll of remove curse
 i - a scroll of identify
 o - a scroll of fog {unknown}
 p - a scroll of noise {unknown}
 q - a scroll of fear {unknown}
 u - a scroll of enchant armour {unknown}
 w - a scroll of blinking {unknown}
Potions
 e - 2 potions of agility
 g - 2 potions of might
 j - a potion of beneficial mutation {unknown}
 l - a potion of ambrosia
 m - 2 potions of curing {unknown}
 r - 2 potions of brilliance {unknown}
 t - 2 potions of haste {unknown}
Books
 c - a book of Changes

   Spells                             Type                      Level
   a - Beastly Appendage              Transmutation                1
   b - Sticks to Snakes               Transmutation                2
   c - Spider Form                    Transmutation/Poison         3
   d - Ice Form                       Ice/Transmutation            4
   e - Blade Hands                    Transmutation                5
Comestibles
 d - 2 bread rations
 v - a chunk of flesh


   Skills:
 + Level 1.4 Fighting
 + Level 2.2 Dodging
 + Level 1.0 Stealth
 + Level 3.4 Unarmed Combat
 + Level 2.4 Spellcasting
 + Level 2.2 Transmutations


You had 3 spell levels left.
You knew the following spells:

 Your Spells              Type           Power        Failure   Level  Hunger
a - Beastly Appendage     Tmut           #.....       10%         1    #......
b - Spider Form           Tmut/Pois      #.........   38%         3    ###....


Dungeon Overview and Level Annotations

Branches:
Dungeon (3/15)

Altars:

Annotations:
D:3 Grinder


Innate Abilities, Weirdness & Mutations

You have a pair of small antennae on your head.
You are partially covered in molten scales. (AC +2)
You sometimes gain a little power by taking damage.
You have claws for feet.


Message History

Confirm with . or Enter, or press ? or * to list all spells.
Your feet morph into talons.
You closely miss Grinder.
Grinder is severely wounded.
Grinder gestures at you.
You suddenly lose the ability to move!
Grinder gestures at you.
You shrug off the repeated paralysis!
Grinder hits you.
Your magical contamination has completely faded away.
Grinder hits you. Grinder hits you!
* * * LOW HITPOINT WARNING * * *
You focus on the pain.
You feel agile all of a sudden.
You writhe in agony.
* * * LOW HITPOINT WARNING * * *
You are feeling hungry.
Grinder hits you!
You die...

####...........#
†###...........#
......#######'##
......#
####'########
......#
#...........#
......#
#...........#
......#
#...........#
.....##
#...........#
.....#
#......@5...#
.....##
#...........#
###...#
#...........#
#....#
#.......[...#
#.....#
#...........#
#.....#
####+#........
#.....#
#.########
#....... ..
#.....###


You could see Grinder.

Vanquished Creatures
  4 adders
  A worm (D:2)
  A dart slug (D:1)
  5 giant cockroaches
  6 goblins
  4 hobgoblins
  5 jackals
  6 kobolds
  A ball python (D:2)
  3 bats
  2 frilled lizards (D:1)
  A giant cockroach zombie (D:3)
  5 rats
44 creatures vanquished.

Notes
Turn   | Place    | Note
-------+----------+-------------------------------------------
     0 | D:1      | terra53 the Demonspawn Transmuter began the quest for the Orb.
     0 | D:1      | Reached XP level 1. HP: 15/15 MP: 3/3
   286 | D:1      | Lost mutation: You have a pair of horns on your head. [demonic ancestry]
   286 | D:1      | Lost mutation: You have a pair of small horns on your head. [demonic ancestry]
   286 | D:1      | Gained mutation: You have a pair of small antennae on your head. [demonic ancestry]
   286 | D:1      | Reached XP level 2. HP: 21/21 MP: 3/5
   487 | D:1      | Reached skill level 3 in Unarmed Combat
  1302 | D:2      | Gained mutation: You are partially covered in molten scales. (AC +2) [demonic ancestry]
  1302 | D:2      | Reached XP level 3. HP: 26/26 MP: 6/6
  1371 | D:2      | Learned a level 3 spell: Spider Form
  2149 | D:3      | Reached skill level 1 in Stealth
  2149 | D:3      | Gained mutation: You sometimes gain a little power by taking damage. [demonic ancestry]
  2149 | D:3      | Reached XP level 4. HP: 13/32 MP: 7/7
  2425 | D:3      | Noticed Grinder
  2513 | D:3      | Paralysed by Grinder for 4 turns
  2533 | D:3      | Paralysed by Grinder for 6 turns
  2537 | D:3      | HP: 1/32 [Grinder (5)]
  2538 | D:3      | Mangled by Grinder

Vault maps used:
D:1:      dpeg_arrival_solitude, grunt_decor_arrowhead
D:3:      uniq_grinder

Skill      XL: |  1  2  3 |
---------------+----------+-----
Unarmed Combat | 3 |  3.4
Dodging        | 2 |  2.2
Transmutations | 2 |  2.2
Stealth        | 1 |  1.0
Fighting       | |  1.4
Spellcasting   | |  2.4

Action                   |  1- 3 |  4- 6 || total
-------------------------+-------+-------++-------
Melee: Unarmed           |   144 |    31 ||   175
       Kick              |    20 |       ||    20
       Headbutt          |     1 |       ||     1
       Short sword       |     5 |       ||     5
       Punch             |       |     1 ||     1
 Cast: Beastly Appendage |    29 |     1 ||    30
       Spider Form       |     1 |     2 ||     3
  Use: Scroll            |     3 |       ||     3
       Potion            |       |     1 ||     1
 Stab: Sleeping          |     1 |     2 ||     3
  Eat: Chunk             |     4 |     2 ||     6
Armor: Robe              |    45 |     6 ||    51
       Skin              |       |     2 ||     2
Dodge: Dodged            |   109 |    20 ||   129
